 Dungeon Crawl Stone Soup version 0.30-a0-782-ge64f9170bb (webtiles) character file.

Game seed: 16971346103801846239

1262 senseless the Insei (level 8, -5/50 HPs)
             Began as an Octopode Transmuter on Mar 15, 2023.
             Slain by a centaur (6 damage)
             ... on level 7 of the Dungeon.
             The game lasted 00:17:42 (5570 turns).

senseless the Insei (Octopode Transmuter)           Turns: 5570, Time: 00:17:43

Health: -5/50      AC:  3    Str: 11    XL:     8   Next: 52%
Magic:  23/23      EV: 14    Int: 15    God:
Gold:   317        SH:  0    Dex: 13    Spells: 13/16 levels left

rFire   + . .      SeeInvis +      - Unarmed
rCold   x . .      Faith    .    (no shield)
rNeg    . . .      Spirit   .    k - +2 hat
rPois   .          Reflect  .    (no amulet)
rElec   .          Harm     .    b - ring of see invisible
rCorr   .          Rampage  .    m - ring of flight
Will    .....                    c - ring of magical power
Stlth   ++++                     e - ring of fire
HPRegen 0.28/turn                (no ring)
MPRegen 0.18/turn                (no ring)
                                 (no ring)
                                 (no ring)

@: flying
A: almost no armour, amphibious, 8 rings, camouflage 1, gelatinous body 1,
(nimble swimmer 1), tentacles
a: no special abilities


You were on level 7 of the Dungeon.
You visited 1 branch of the dungeon, and saw 7 of its levels.

You collected 317 gold pieces.

Inventory:

Hand Weapons
 l - the +4 dagger "Teshrig" {heavy, rF+}
   (You found it on level 4 of the Dungeon)

   rF:        It protects you from fire.
 n - a +2 mace of protection
 o - a +2 dagger of speed
Missiles
 q - a throwing net
Armour
 k - a +2 hat (worn)
Jewellery
 b - a ring of see invisible (left tentacle)
 c - a ring of magical power (on tentacle)
 e - a ring of fire (on tentacle)
 m - a ring of flight (right tentacle)
Scrolls
 f - 4 scrolls of teleportation
 g - a scroll of fear
 p - a scroll of fog
 t - a scroll of immolation {unknown}
Potions
 a - 2 potions of lignification
 d - 2 potions of curing
 h - 2 potions of attraction {unknown}
 i - 4 potions of brilliance {unknown}
 j - a potion of degeneration {unknown}
 r - a potion of heal wounds {unknown}
 s - 2 potions of ambrosia {unknown}


   Skills:
 + Level 2.2 Fighting
 + Level 3.3 Dodging
 + Level 5.1 Stealth
 + Level 6.6 Unarmed Combat
 + Level 4.5 Spellcasting
 + Level 4.5 Transmutations


You had 13 spell levels left.
You knew the following spells:

 Your Spells              Type           Power      Damage    Failure   Level
a - Beastly Appendage     Tmut           32%        N/A       2%          1
b - Wereblood             Tmut           16%        N/A       4%          2

Your spell library contained the following spells:

 Spells                   Type           Power      Damage    Failure   Level
 Shock                    Conj/Air       12%        1d3       17%         1
 Spider Form              Tmut/Pois      10%        N/A       21%         3
 Dazzling Flash           Conj/Hex       6%         N/A       45%         3
 Swiftness                Air            3%         N/A       45%         3
 Ice Form                 Ice/Tmut       10%        N/A       56%         4
 Airstrike                Air            1%         2d(1-17)  86%         4
 Iskenderun's Mystic Bla  Conj/Tloc      3%         2d3       86%         4
 Starburst                Conj/Fire      2%         6d3       100%        6


Dungeon Overview and Level Annotations

Branches:
Dungeon (7/15)
 Temple: D:4-7

Altars:
Ashenzari
Elyvilon
Gozag
Kikubaaqudgha
Wu Jian
Zin


Innate Abilities, Weirdness & Mutations

You cannot wear most types of armour.
You are amphibious.
You can wear up to eight rings at the same time.
Your skin changes colour to match your surroundings (Stealth+).
Your rubbery body absorbs attacks. (AC +1, EV +1)
((You are camouflaged when in or above water. (Stealth+)))
You have tentacles for arms and can constrict up to eight enemies at once.


Message History

You tentacle-slap the orc. You grab the orc.
The orc is lightly wounded.
You howl as the wereblood boils in your veins!
You constrict the orc.
A hound comes into view.
A centaur comes into view.
You tentacle-slap the orc.
You feel a bit better.
You kill the orc!
The hound barely misses you.
You see here a +0 short sword.
You closely miss the hound. You grab the hound.
Your primal bloodlust has ended.
You constrict the hound, but do no damage.
The hound bites you but does no damage.
You tentacle-slap the hound but do no damage.
Your squeeze misses the hound. You constrict the hound.
The hound bites you but does no damage.
You tentacle-slap the hound.
You squeeze the hound, but do no damage.
The hound is moderately wounded.
You constrict the hound. The hound bites you.
* * * LOW HITPOINT WARNING * * *
The hound misses you.
You tentacle-slap the hound. x2
The hound is severely wounded.
You constrict the hound. The hound misses you.
An orc comes into view. It is wielding a +0 hand axe.
You tentacle-slap the hound.
You kill the hound!
An orc comes into view. It is wielding a +0 short sword.
The orc shouts!
You tentacle-slap the centaur.
The centaur is lightly wounded.
The centaur hits you.
* * * LOW HITPOINT WARNING * * *
The centaur kicks you.
* * * LOW HITPOINT WARNING * * *
The orc hits you with a +0 hand axe.
* * * LOW HITPOINT WARNING * * *
The centaur hits you.
You die...

... .#
#.##.##
......#
#.....###
#........ #.
#..>$.#
#...##.....#
#....c@oo.#
#.$.####..#
.$. ..# .
..# #.# ##


You could see a centaur and 2 orcs.

Vanquished Creatures
  Grinder (D:5)
  Sigmund (D:3)
  2 ogres
  2 necrophages
  2 wights (D:6)
  A crimson imp (D:5)
  A hound (D:7)
  An orc priest (D:3)
  A jelly (D:5)
  2 iguanas (D:5)
  Natasha (D:4)
  2 orc wizards
  Robin (D:4)
  10 adders
  2 white imps
  An ufetubus (D:5)
  A worm (D:2)
  6 dart slugs
  14 orcs
  9 endoplasms
  7 giant cockroaches
  22 goblins
  9 hobgoblins
  3 jackals (D:5)
  10 kobolds
  5 quokkas
  8 ball pythons
  4 bats
  3 frilled lizards
  6 rats
138 creatures vanquished.

Vanquished Creatures (others)
  A fungus (D:1)
1 creature vanquished.

Grand Total: 139 creatures vanquished

Notes
Turn   | Place    | Note
-------+----------+-------------------------------------------
     0 | D:1      | senseless the Octopode Transmuter began the quest for the
                  | Orb.
     0 | D:1      | Reached XP level 1. HP: 13/13 MP: 3/3
    84 | D:1      | Reached XP level 2. HP: 8/18 MP: 5/5
   415 | D:1      | Found a faded altar of an unknown god.
   449 | D:1      | Reached XP level 3. HP: 18/23 MP: 6/6
   457 | D:1      | Reached skill level 1 in Stealth
  1123 | D:2      | Reached skill level 4 in Unarmed Combat
  1123 | D:2      | Reached XP level 4. HP: 24/28 MP: 5/7
  1854 | D:3      | Found a white marble altar of Elyvilon.
  1973 | D:3      | Reached XP level 5. HP: 28/33 MP: 7/9
  2002 | D:3      | Noticed Sigmund
  2017 | D:3      | Killed Sigmund
  2018 | D:3      | Reached XP level 6. HP: 10/38 MP: 10/10
  2618 | D:4      | Found an ornate altar of the Wu Jian Council.
  2716 | D:4      | Noticed Robin
  2735 | D:4      | Killed Robin
  2740 | D:4      | Reached skill level 5 in Unarmed Combat
  2769 | D:4      | Noticed Natasha
  2779 | D:4      | Killed Natasha
  2987 | D:4      | Identified the +4 dagger "Teshrig" {heavy, rF+}
  3294 | D:3      | Reached XP level 7. HP: 33/43 MP: 9/11
  3343 | D:3      | Found a broken altar of Ashenzari.
  3629 | D:3      | Found a glowing silver altar of Zin.
  3630 | D:3      | Found an opulent altar of Gozag.
  4012 | D:5      | Entered Level 5 of the Dungeon
  4100 | D:5      | Noticed Grinder
  4108 | D:5      | Killed Grinder
  4460 | D:5      | Found an ancient bone altar of Kikubaaqudgha.
  4480 | D:5      | Reached skill level 6 in Unarmed Combat
  4480 | D:5      | Reached XP level 8. HP: 50/50 MP: 11/13
  4627 | D:5      | Reached skill level 5 in Stealth
  4686 | D:5      | Learned a level 2 spell: Wereblood
  5547 | D:6      | HP: 2/48 [wight/+0 war axe (4)]
  5570 | D:7      | HP: 1/50 [orc/+0 hand axe (4)]
  5570 | D:7      | Slain by a centaur

Illustrated notes

Levels and vault maps discovered:
D:1:      saegor_arrival_simple_a, layout_basic,
          shapermc_ecumenical_altar_mp_urbaneastern, minmay_tetromino_o2
D:2:      layout_basic, chequers_serial_rivers_small_3, corner_web_ring
D:3:      layout_basic, grunt_temple_overflow_gold_and_silver,
          amcnicky_altar_gilded, nicolae_ashenzari_skybound, uniq_sigmund
D:4:      layout_basic, nzn_wu_jian_contemplation, portal_sewer_entry_a,
          uniq_natasha, uniq_robin
D:5:      layout_loops_ring, kennysheep_little_box, minmay_fire_ice_demons,
          uniq_grinder
D:6:      layout_loops_cross, minmay_temple_entry_sparse_star, st_stairs_7
D:7:      layout_loops_cross, grunt_ministairs_4, minmay_crossroads

Skill      XL: |  1  2  3  4  5  6  7  8 |
---------------+-------------------------+-----
Stealth        | 1 2 3 4 5 |  5.1
Unarmed Combat | 4 5 6 |  6.6
Spellcasting   | 3 4 |  4.5
Transmutations | 3 4 |  4.5
Dodging        | 3 |  3.3
Fighting       | 2 |  2.2

Action                     |  1- 3 |  4- 6 |  7- 9 || total
---------------------------+-------+-------+-------++-------
  Melee: Unarmed           |    84 |   113 |   101 ||   298
         Constrict         |    26 |    37 |    24 ||    87
         Tentacles         |    13 |    30 |    28 ||    71
         Kick              |    23 |    29 |    32 ||    84
         Punch             |     4 |     6 |     6 ||    16
   Cast: Beastly Appendage |    22 |    21 |    19 ||    62
         Wereblood         |       |       |     2 ||     2
    Use: Scroll            |     5 |     3 |     3 ||    11
         Potion            |       |     2 |       ||     2
   Stab: Sleeping          |     6 |     3 |     3 ||    12
 Armour: Skin              |     7 |    17 |     6 ||    30
  Dodge: Dodged            |    41 |    68 |    56 ||   165

Table legend: (Time is in decaauts)
 A = Elapsed time spent in this place.
 B = Non-inter-level travel time spent in this place.
 C = Inter-level travel time spent in this place.
 D = Time resting spent in this place.
 E = Time spent auto-exploring this place.
 F = Levels seen in this place.
 G = Mean time per level.
                   A        B        C        D        E       F      G
               +--------+--------+--------+--------+--------+-----+--------+
         Total |   5527 |   5136 |    391 |    467 |   3686 |   7 |  789.6 |
       Dungeon |   5527 |   5136 |    391 |    467 |   3686 |   7 |  789.6 |
               +--------+--------+--------+--------+--------+-----+--------+

Top non-repeatable levels by time:
     D:4: 1489 daAuts
     D:5: 1012 daAuts
     D:2: 1005 daAuts
     D:3: 963 daAuts
     D:1: 816 daAuts
     D:6: 222 daAuts
     D:7: 17 daAuts
